 Dungeon Crawl Stone Soup version 0.23-a0-169-gb21e695 (webtiles) character file.

58902 Amnesiac the Nimble (level 14, -7/110 HPs)
             Began as a Mummy Ice Elementalist on Sept 11, 2018.
             Was an Initiate of Gozag.
             Shot with an arrow by a centaur warrior (20 damage)
             ... on level 15 of the Dungeon.
             The game lasted 00:53:29 (29663 turns).

Amnesiac the Nimble (Mummy Ice Elementalist)       Turns: 29663, Time: 00:53:29

Health: -7/110     AC: 16    Str: 11    XL:     14   Next: 51%
Magic:  3/28       EV: 21    Int: 23    God:    Gozag
Gold:   4542       SH:  5    Dex: 13    Spells: 11/33 levels left

rFire    . . .     SeeInvis .   a - +5 scimitar (flame)
rCold    + + +     Gourm    .   M - +0 buckler
rNeg     + + +     Faith    .   D - +4 ring mail {rF+}
rPois    ∞         Spirit   .   m - +1 helmet
rElec    .         Reflect  .   s - +2 cloak {MR+}
rCorr    .         Harm     .   k - +0 pair of gloves
MR       ++...                  J - +0 pair of boots (curse)
Stlth    ..........             (no amulet)
HPRegen  0.28/turn              n - ring of ice
MPRegen  0.21/turn              E - ring "Araost" {rPois rF+ rC+ EV+5 Int+4 Stlth-}

@: gold aura
A: no food or potions, fire vulnerability, cold resistance 1, negative energy
resistance 3, torment resistance, unbreathing, in touch with death 1
a: Potion Petition, Call Merchant, Bribe Branch, Renounce Religion


You were on level 15 of the Dungeon.
You worshipped Gozag.
Gozag was most pleased with you.
You were not hungry.

You visited 2 branches of the dungeon, and saw 18 of its levels.
You also visited: Ice Cave.

You collected 5462 gold pieces.
You spent 874 gold pieces at shops.
You paid 46 gold pieces to Gozag.

Inventory:

Hand Weapons
 a - a +5 scimitar of flaming (weapon)
 b - a +0 blowgun
 I - a +0 fustibalus of freezing
Missiles
 j - 6 curare-tipped needles
 v - 88 poisoned needles
Armour
 k - a +0 pair of gloves (worn)
 m - a +1 helmet (worn)
 s - a +2 cloak of magic resistance (worn)
 y - a +0 shield
 D - a +4 ring mail of fire resistance (worn)
 J - a cursed +0 pair of boots (worn)
 M - a +0 buckler (worn)
Magical Staves
 h - an uncursed staff of energy
Jewellery
 i - an uncursed ring of flight
 n - a ring of ice (left hand)
 o - the ring "Irocha" {rF++ rN+ Int+3}
   (You found it on level 3 of the Lair of Beasts)

   [ring of positive energy]

   It affects your intelligence (+3).
   It greatly protects you from fire.
   It protects you from negative energy.
 E - the ring "Araost" (right hand) {rPois rF+ rC+ EV+5 Int+4 Stlth-}
   (You took it off a crimson imp on level 10 of the Dungeon)

   [ring of evasion]

   It affects your evasion (+5).
   It affects your intelligence (+4).
   It protects you from fire.
   It protects you from cold.
   It protects you from poison.
   It makes you less stealthy.
 K - the ring of Fuhiuw {+Fly rElec Str-5 Stlth+}
   (You found it on level 10 of the Dungeon)

   [ring of flight]

   It affects your strength (-5).
   It insulates you from electricity.
   It lets you fly.
   It makes you more stealthy.
Wands
 d - a wand of iceblast (19)
 e - a wand of flame (88)
 p - a wand of acid (6)
 u - a wand of clouds (6)
 A - a wand of paralysis (27)
 C - a wand of enslavement (20)
Scrolls
 f - 6 scrolls of teleportation {!r}
 q - 4 scrolls of remove curse {!r}
 r - a scroll of holy word {!r}
 t - a scroll of fog {!r}
 z - 2 scrolls of enchant armour {!r}
 B - 2 scrolls of noise {!r}
 F - a scroll of fear {!r}
 G - a scroll of amnesia {!r}
 H - a scroll of magic mapping {!r}
 L - 2 scrolls of blinking {!r}
 N - 3 scrolls of identify {!r}
Miscellaneous
 g - a lamp of fire (inert)
 l - a phial of floods
 w - a lightning rod (4/4)


   Skills:
 + Level 10.1 Fighting
 * Level 11.6 Dodging
 - Level 1.5 Stealth
 - Level 4.0 Shields
 - Level 10.0 Spellcasting
 - Level 10.0 Conjurations
 - Level 10.0 Ice Magic
 - Level 5.0 Evocations


You had 11 spell levels left.
You knew the following spells:

 Your Spells              Type           Power        Failure   Level  Hunger
a - Throw Icicle          Conj/Ice       ######..     2%          4    N/A
b - Summon Ice Beast      Ice/Summ       ######..     17%         4    N/A
c - Mephitic Cloud        Conj/Pois/Air  ####....     11%         3    N/A
d - Freeze                Ice            ####         1%          1    N/A
e - Throw Frost           Conj/Ice       ######       1%          2    N/A
s - Conjure Flame         Conj/Fire      ####....     5%          3    N/A
v - Blink                 Tloc           N/A          21%         2    N/A
z - Ozocubu's Armour      Chrm/Ice       ######..     5%          3    N/A

Your spell library contained the following spells:

 Spells                   Type           Power        Failure   Level  Hunger
 Magic Dart               Conj           ####         1%          1    N/A
 Ensorcelled Hibernation  Hex/Ice        ######       2%          2    N/A
 Dazzling Spray           Conj/Hex       ####..       5%          3    N/A
 Corona                   Hex            ##.....      14%         1    N/A
 Call Imp                 Summ           ##......     21%         2    N/A
 Slow                     Hex            ##......     21%         2    N/A
 Confuse                  Hex            ##......     38%         3    N/A
 Tukima's Dance           Hex            ##......     38%         3    N/A

Dungeon Overview and Level Annotations

Branches:
Dungeon (15/15)            Temple (0/1) D:7            Lair (3/6) D:9
  Swamp (0/4) Lair:2       Spider (0/4) Lair:3          Orc (0/2) D:11
 Vaults (0/5) D:14
 Depths: D:15

Altars:
Ashenzari
Cheibriados
Dithmenos
Elyvilon
Gozag
Hepliaklqana
Nemelex Xobeh
Qazlal
Ru
Trog
Uskayaw
Xom
Zin
The Shining One

Shops:
D:5 [!:%*   D:7 ?

Annotations:
D:6 dig 1k
D:7 , zin grate: tele,rc
D:15 2 transporters, eyesofgods1's ghost, adept DsMo


Innate Abilities, Weirdness & Mutations

You do not eat or drink.
Your flesh is vulnerable to fire.
You are immune to poison.
Your flesh is cold resistant. (rC+)
You are immune to negative energy. (rN+++)
You are immune to unholy pain and torment.
You can survive without breathing.
You are in touch with the powers of death.


Message History

You riposte.
You closely miss the orc warrior. The orc priest completely misses you.
You hit the orc priest but do no damage.
The orc priest is almost dead.
Something hits you. Something closely misses you.
The orc warrior completely misses you.
You riposte.
You barely miss the orc warrior.
The orc priest hits you with a hand axe.
Something barely misses you. You block the orc warrior's attack.
Casting: Freeze (safe; 1% risk of failure)
Confirm with . or Enter, or press ? or * to list all spells.
Aiming: Freeze (safe; 1% risk of failure)
Press: ? - help, Shift-Dir - straight line, f - orc warrior
Aim: an orc warrior, wielding a trident and wearing a plate armour You feel a surge of power!
You freeze the orc warrior.
The orc warrior is moderately wounded.
Something closely misses you. Something hits you but does no damage.
The orc priest mumbles some strange prayers to Beogh against you.
Beogh smites you!
* * * LOW HITPOINT WARNING * * *
You slash the orc priest! You burn the orc priest.
You kill the orc priest!
Something misses you. Something closely misses you.
You block the orc warrior's attack. Something barely misses you.
The orc warrior hits you but does no damage.
Casting: Freeze (safe; 1% risk of failure)
Confirm with . or Enter, or press ? or * to list all spells.
You don't have enough magic to cast that spell.
You hit the orc warrior. You burn the orc warrior.
The orc warrior is moderately wounded.
Something completely misses you. Something barely misses you.
The orc warrior is distracted by the nearby gold.
The orc warrior shouts!
You hit something. You burn something.
You hear a shout!
Something hits you.
* * * LOW HITPOINT WARNING * * *
Something hits you.
* * * LOW HITPOINT WARNING * * *
Something closely misses you. Something barely misses you.
A centaur warrior comes into view. It is wielding a war axe.
The centaur warrior shouts!
The orc warrior is no longer distracted by gold.
Something hits you but does no damage. You block the orc warrior's attack.
Something hits you but does no damage. x2; The orc warrior misses you.
You block something's attack. Something misses you. Something hits you!
* * * LOW HITPOINT WARNING * * *
Something hits you!
* * * LOW HITPOINT WARNING * * *
Something hits you.
* * * LOW HITPOINT WARNING * * *
The centaur warrior unwields an uncursed war axe.
The centaur warrior wields a shortbow.
The centaur warrior shoots an arrow.
The arrow hits you!
* * * LOW HITPOINT WARNING * * *
You see here an arrow.
The centaur warrior shoots an arrow.
The arrow completely misses you.
There is a stone staircase leading up here.
You see here an arrow.
The centaur warrior shoots an arrow. x2; The arrow hits you!!
You die...
Your body crumbles into a pile of gold.

..©##...#T# #c#
####....#.# #.# #
.....##.#.# #.#.# #.#.#
#.#.# #.#.# # # #.
#.#.#######.#.#.# #
#......c........###
.#.#####....o....$......
.......$.oc#####.######
...........(.(@$$#
##################


You could see a centaur warrior and an orc warrior.

Vanquished Creatures
  A frost giant (IceCv)
  Louise (D:14)
  Snorg (D:11)
  The ghost of Gildeon the Severer, a journeyman MiFi of Zin (D:11)
  6 hydras
  Erolcha (D:11)
  Erica (D:8)
  2 centaur warriors (D:14)
  A death yak (D:9)
  6 two-headed ogres
  Urug (Lair:1)
  3 tengu warriors
  Nergalle (D:11)
  4 unseen horrors
  Pikel (D:7)
  The ghost of TheNamelessOne the Zephyrmancer, a novice TeAE (D:7)
  An orc knight (D:15)
  2 oklob plants (Lair:3)
  A cyclops (D:13)
  5 ugly things
  Maurice (D:12)
  Joseph (D:8)
  An elephant (D:11)
  The ghost of Scuka the Basher, a novice GrFi of Okawaru (D:7)
  4 centaur zombies
  Psyche (D:11)
  An ice statue (IceCv)
  2 black mambas (Lair:2)
  5 spiny frogs
  An efreet (D:13)
  5 komodo dragons
  A tengu conjurer (D:12)
  2 ice devils (Lair:2)
  A queen bee (D:11)
  4 trolls
  2 jumping spiders (Lair:3)
  14 polar bears (IceCv)
  A hornet (D:13)
  A wolf spider simulacrum (D:15)
  9 blink frogs
  7 hippogriffs
  2 redbacks (Lair:3)
  A wyvern (D:11)
  Eustachio (D:4)
  A shadow (D:11)
  3 wraiths
  19 yaks
  2 basilisks
  4 hungry ghosts
  3 vampire mosquitoes
  2 acid dragons
  2 water moccasins
  5 ice beasts
  A porcupine (Lair:3)
  A swamp drake (Lair:2)
  4 sky beasts
  4 slaves
  5 orc warriors
  An eye of draining (D:10)
  A phantom (D:7)
  4 ogres
  20 wolves
  A necrophage (D:10)
  2 centaurs
  12 crocodiles
  2 big kobolds
  16 bullfrogs
  A wyvern skeleton (D:6)
  4 scorpions
  A water moccasin skeleton (D:4)
  44 killer bees
  3 wights (D:13)
  4 electric eels (D:4)
  9 howler monkeys
  11 crimson imps
  2 bullfrog zombies
  A quasit (D:9)
  4 hounds
  3 bullfrog skeletons
  A jelly (D:5)
  8 orc priests
  13 orc wizards
  3 centaur skeletons
  8 iguanas
  11 worker ants
  2 hound zombies
  2 hound skeletons
  Robin (D:4)
  A howler monkey skeleton (D:7)
  7 adders
  6 shadow imps
  3 oozes
  An adder skeleton (D:6)
  A worm (D:4)
  2 dart slugs
  4 leopard geckos
  69 orcs
  7 bats
  2 giant cockroaches
  16 goblins
  9 hobgoblins
  2 jackals (D:6)
  3 quokkas
  6 frilled lizards
  A jackal skeleton (D:6)
  2 jackal zombies (D:6)
  18 kobolds
  A quokka zombie (D:5)
  3 rats
525 creatures vanquished.

Vanquished Creatures (collateral kills)
  A yak (IceCv)
  2 wolves (IceCv)
3 creatures vanquished.

Vanquished Creatures (others)
  3 dancing weapons
  A polar bear (IceCv)
  A kobold (D:9)
  2 fungi (Lair:2)
  6 plants (Lair:2)
  5 withered plants (D:7)
18 creatures vanquished.

Grand Total: 546 creatures vanquished

Notes
Turn   | Place    | Note
-------+----------+-------------------------------------------
     0 | D:1      | Amnesiac the Mummy Ice Elementalist began the quest for the
                  | Orb.
     0 | D:1      | Reached XP level 1. HP: 13/13 MP: 4/4
   285 | D:1      | Reached XP level 2. HP: 19/19 MP: 3/5
   370 | D:2      | Learned a level 2 spell: Throw Frost
   619 | D:3      | Found an opulent altar of Gozag.
   627 | D:3      | Became a worshipper of Gozag Ym Sagoz the Greedy
   924 | D:3      | Reached skill level 1 in Conjurations
  1291 | D:1      | Reached XP level 3. HP: 24/24 MP: 7/7
  1296 | D:1      | Learned a level 3 spell: Ozocubu's Armour
  1814 | D:2      | Found a sacrificial altar of Ru.
  1912 | D:2      | Reached XP level 4. HP: 30/30 MP: 9/9
  3032 | D:4      | Reached XP level 5. HP: 19/35 MP: 10/10
  3132 | D:4      | Found a sparkling altar of Nemelex Xobeh.
  3159 | D:4      | Found a glowing golden altar of the Shining One.
  3173 | D:4      | Noticed Eustachio
  3198 | D:4      | Found a bloodstained altar of Trog.
  3199 | D:4      | Found a transporter.
  3222 | D:4      | Killed Eustachio
  3222 | D:4      | Reached XP level 6. HP: 7/41 MP: 6/12
  3546 | D:4      | HP: 1/41 [something/puff of flame (15)]
  3577 | D:4      | Noticed Robin
  3623 | D:4      | Killed Robin
  3764 | D:4      | Found a transporter.
  3776 | D:4      | Reached skill level 5 in Spellcasting
  3860 | D:4      | Reached skill level 5 in Ice Magic
  3867 | D:4      | Reached XP level 7. HP: 34/46 MP: 8/14
  3989 | D:4      | Found a stormy altar of Qazlal.
  4156 | D:5      | Entered Level 5 of the Dungeon
  4176 | D:5      | Found Wieffeh's Armour Boutique.
  4206 | D:5      | Found Usuen's Book Shoppe.
  4337 | D:5      | Found a white marble altar of Elyvilon.
  4382 | D:5      | Found Ifag's Assorted Antiques.
  4445 | D:5      | Found Kureap's Food Emporium.
  4502 | D:5      | Found Iwkot's Distillery.
  4611 | D:5      | Bought a scroll labeled JEGRER HAMO for 26 gold pieces
  4611 | D:5      | Bought a scroll labeled ZYIV ZINWOU for 26 gold pieces
  4611 | D:5      | Bought 3 scrolls labeled EMUMPIGOCH for 78 gold pieces
  4611 | D:5      | Bought a scroll labeled ZEAT NUXEWN for 26 gold pieces
  4611 | D:5      | Bought a scroll labeled JEGRER HAMO for 26 gold pieces
  4614 | D:5      | Bought an iron ring for 130 gold pieces
  4615 | D:5      | Bought a worn bone wand for 104 gold pieces
  4891 | D:5      | Learned a level 4 spell: Throw Icicle
  4896 | D:5      | Learned a level 4 spell: Summon Ice Beast
  5198 | D:6      | Found a snail-covered altar of Cheibriados.
  5204 | D:6      | Reached XP level 8. HP: 45/52 MP: 9/17
  5853 | D:6      | Reached skill level 5 in Conjurations
  5985 | D:6      | Found a hide-covered altar of Uskayaw.
  6014 | D:6      | Noticed a dagger
  6014 | D:6      | Noticed a dagger
  6271 | D:5      | Bought a +2 robe of magic resistance for 230 gold pieces
  6333 | D:7      | Found a staircase to the Ecumenical Temple.
  6736 | D:7      | Found a runed gate.
  6736 | D:7      | Found a runed gate.
  6737 | D:7      | Found a runed gate.
  6854 | D:7      | Found a glowing silver altar of Zin.
  6953 | D:7      | Reached skill level 2 in Dodging
  6961 | D:7      | Reached XP level 9. HP: 9/57 MP: 1/18
  7457 | D:7      | Noticed Scuka's ghost (novice GrFi)
  7462 | D:7      | Noticed TheNamelessOne's ghost (novice TeAE)
  7534 | D:7      | Found Qetill's Magic Scroll Emporium.
  7546 | D:7      | Bought a scroll of fog for 24 gold pieces
  7546 | D:7      | Bought a scroll of summoning for 114 gold pieces
  7546 | D:7      | Bought a scroll of enchant armour for 90 gold pieces
  7834 | D:7      | Found a hazy altar of Hepliaklqana.
  7995 | D:7      | Killed Scuka's ghost
  8174 | D:7      | Killed TheNamelessOne's ghost
  8174 | D:7      | Reached skill level 3 in Dodging
  8410 | D:8      | Noticed a two-headed ogre
  8442 | D:8      | Killed a two-headed ogre
  8713 | D:8      | Found a bloodstained altar of Trog.
  8722 | D:8      | Reached XP level 10. HP: 63/63 MP: 7/21
  9151 | D:8      | Found a shadowy altar of Dithmenos.
  9151 | D:8      | Noticed Erica
  9157 | D:8      | Killed Erica
  9158 | D:8      | Noticed Pikel
  9232 | D:7      | Killed Pikel
  9232 | D:7      | Reached skill level 4 in Dodging
  9611 | D:8      | Noticed Joseph
  9634 | D:8      | Killed Joseph
 10317 | D:9      | Noticed a two-headed ogre
 10422 | D:9      | Noticed a two-headed ogre
 10446 | D:9      | Noticed an elephant
 10496 | D:9      | Found a staircase to the Lair.
 10721 | D:9      | Noticed a death yak
 10836 | D:9      | Killed a two-headed ogre
 10932 | D:9      | Killed a two-headed ogre
 11186 | D:9      | Reached XP level 11. HP: 58/68 MP: 11/24
 11401 | D:9      | Killed a death yak
 11783 | D:10     | Entered Level 10 of the Dungeon
 12040 | D:10     | HP: 1/68 [something (6)]
 12360 | Lair:1   | Entered Level 1 of the Lair of Beasts
 12437 | Lair:1   | Noticed Urug
 12453 | Lair:1   | Killed Urug
 12838 | Lair:1   | Reached skill level 1 in Fighting
 13252 | Lair:1   | Noticed a four-headed hydra
 13255 | Lair:1   | Killed a four-headed hydra
 14478 | Lair:2   | Reached skill level 10 in Spellcasting
 14585 | Lair:2   | Reached skill level 10 in Conjurations
 14585 | Lair:2   | Reached skill level 10 in Ice Magic
 14585 | Lair:2   | Reached skill level 1 in Evocations
 14611 | Lair:2   | Found a frozen archway.
 14780 | IceCv    | Entered an ice cave
 14918 | IceCv    | Reached XP level 12. HP: 56/83 MP: 4/26
 16284 | IceCv    | Noticed a frost giant
 16734 | IceCv    | Reached skill level 5 in Dodging
 17108 | IceCv    | Killed a frost giant
 17108 | IceCv    | Reached skill level 5 in Fighting
 17263 | IceCv    | Reached skill level 5 in Evocations
 17828 | Lair:2   | Found a staircase to the Swamp.
 18170 | Lair:2   | Reached skill level 6 in Dodging
 18683 | Lair:2   | Noticed a four-headed hydra
 18688 | Lair:2   | Killed a four-headed hydra
 18721 | Lair:2   | Noticed a seven-headed hydra
 18864 | Lair:2   | Killed a seven-headed hydra
 18958 | Lair:2   | Reached skill level 7 in Dodging
 19818 | Lair:3   | Got a scintillating platinum ring
 19820 | Lair:3   | Identified the ring "Irocha" {rF++ rN+ Int+3} (You found it
                  | on level 3 of the Lair of Beasts)
 20127 | Lair:3   | Gained mutation: You are in touch with the powers of death.
                  | [Mummy growth]
 20127 | Lair:3   | Reached XP level 13. HP: 95/95 MP: 14/27
 20431 | Lair:3   | Reached skill level 8 in Dodging
 20631 | Lair:3   | Found a hole to the Spider Nest.
 21613 | D:10     | Got a flickering iron ring
 22064 | D:10     | Identified the ring "Araost" {rPois rF+ rC+ EV+5 Int+4
                  | Stlth-} (You took it off a crimson imp on level 10 of the
                  | Dungeon)
 22614 | D:10     | Got a pitted bronze ring
 22623 | D:10     | Got an ancient amber ring
 22626 | D:10     | Got a sparkling bone ring
 22931 | D:11     | Reached skill level 9 in Dodging
 23058 | D:11     | Noticed Psyche
 23063 | D:11     | Killed Psyche
 23414 | D:11     | Noticed Nergalle
 23424 | D:11     | Killed Nergalle
 23562 | D:11     | Noticed Erolcha
 23568 | D:11     | Killed Erolcha
 23572 | D:11     | Identified the ring of Befe {+Blink rC- rN+ Dex+4} (You
                  | found it on level 10 of the Dungeon)
 23595 | D:11     | Identified the ring "Jazoat" {Str+2 Stlth+} (You found it
                  | on level 10 of the Dungeon)
 23596 | D:11     | Identified the ring of Fuhiuw {+Fly rElec Str-5 Stlth+}
                  | (You found it on level 10 of the Dungeon)
 23741 | D:11     | Found a staircase to the Orcish Mines.
 23889 | D:11     | Noticed Snorg
 23896 | D:11     | Killed Snorg
 24435 | D:11     | Reached skill level 1 in Shields
 24436 | D:11     | Found a runed door.
 24436 | D:11     | Found a shimmering altar of Xom.
 24436 | D:11     | Noticed Gildeon's ghost (journeyman MiFi)
 24587 | D:11     | Killed Gildeon's ghost
 24702 | D:11     | Reached skill level 10 in Dodging
 25167 | D:12     | Learned a level 2 spell: Blink
 25172 | D:12     | Learned a level 3 spell: Conjure Flame
 25176 | D:12     | Learned a level 3 spell: Mephitic Cloud
 25324 | D:12     | Noticed Maurice
 25334 | D:12     | Killed Maurice
 26668 | D:13     | Found a shattered altar of Ashenzari.
 26762 | D:13     | Reached XP level 14. HP: 108/108 MP: 0/28
 28218 | D:14     | Reached skill level 11 in Dodging
 28658 | D:14     | Found a gate to the Vaults.
 28663 | D:14     | Found an opulent altar of Gozag.
 29107 | D:15     | Entered Level 15 of the Dungeon
 29286 | D:15     | Found a transporter.
 29286 | D:15     | Found a transporter.
 29286 | D:15     | Noticed a storm dragon
 29286 | D:15     | Noticed eyesofgods1's ghost (adept DsMo)
 29286 | D:15     | Noticed Louise
 29310 | D:14     | Killed Louise
 29310 | D:14     | Reached skill level 10 in Fighting
 29663 | D:15     | Shot with an arrow by a centaur warrior

Vault maps used:
D:1:      dpeg_arrival_arbitrary_c
D:2:      hangedman_ru_absence
D:3:      first_ration, nicolae_gozag_cash_rules_everything_around_me
D:4:      gammafunk_steamed_eel, nicolae_qazlal_eye_of_the_storm,
          kennysheep_mini, grunt_temple_overflow_open, uniq_robin,
          uniq_eustachio
D:5:      elyvilon_altar_5, serial_shops, shop_fountains,
          nicolae_shop_behind_doors, shop_fountains, kennysheep_little_box,
          nicolae_shop_window_shopping, hex_medium
D:6:      dancing_weapons_uskayaw, cheibriados_altar_1, serial_bayou_pond_c
D:7:      lemuel_coloured_pillars_altar, zin_scriptorium,
          minmay_temple_entry_trees, gammafunk_ghost_cemetery, serial_shops,
          nicolae_shop_window_shopping
D:8:      nicolae_dithmenos_through_a_glass_darkly, special_room,
          trog_three_pillars_becter, uniq_joseph, uniq_pikel, uniq_erica
D:9:      david_lair_generic
D:10:     minmay_the_grid_triangle_9x9_rhombus_thin
D:11:     orc_0_dummy, ebering_ghost_xom, uniq_snorg, uniq_erolcha,
          uniq_nergalle, uniq_psyche
D:12:     grunt_tengu_nest, lightli_fourway_metalbox, uniq_maurice
D:13:     evilmike_ruin_ashenzari
D:14:     erik_vaults_1, lemuel_tele_altar
D:15:     grunt_enter_depths_snipers, minmay_misc_feat_plants, basic_altar,
          gammafunk_ghost_arena, kennysheep_kite_vault, uniq_louise
Lair:1:   uniq_urug
Lair:2:   minmay_swamp_entry_reptiles, portal_ice_cave_demonic_guard,
          beast_lair_carwin_6, grunt_megastairs_1
Lair:3:   dpeg_oklob_shooting_range, nicolae_spider_entry_tight_spaces
IceCv:    ice_cave_small_giant

Skill      XL: |  1  2  3  4  5  6  7  8  9 10 11 12 13 14 |
---------------+-------------------------------------------+-----
Spellcasting   | 3 4 5 6 7 9 10 | 10.0
Conjurations   | 1 2 3 6 7 8 10 | 10.0
Ice Magic      | 3 4 5 6 7 9 10 | 10.0
Dodging        | 2 3 4 7 10 11 | 11.6
Fighting       | 4 6 9 10 | 10.1
Evocations     | 3 5 |  5.0
Shields        | 2 4 |  4.0
Stealth        | |  1.5

Action                   |  1- 3 |  4- 6 |  7- 9 | 10-12 | 13-15 || total
-------------------------+-------+-------+-------+-------+-------++-------
Melee: Unarmed           |     7 |       |       |       |       ||     7
       Trident           |       |       |   164 |       |       ||   164
       Scimitar          |       |       |       |   152 |   139 ||   291
 Fire: Hunting sling     |    49 |   123 |    21 |       |       ||   193
       Blowgun           |       |       |       |     1 |       ||     1
Throw: Stone             |       |       |     1 |       |       ||     1
 Cast: Freeze            |    35 |    50 |    63 |   147 |    72 ||   367
       Throw Icicle      |       |       |    72 |   291 |   320 ||   683
       Summon Ice Beast  |       |       |       |       |     1 ||     1
       Mephitic Cloud    |       |       |       |       |     2 ||     2
       Blink             |       |       |       |       |     1 ||     1
Invok: Potion Petition   |       |     1 |       |       |       ||     1
Evoke: Wand              |       |       |    14 |    22 |     5 ||    41
       Lamp of fire      |       |       |       |     1 |     1 ||     2
       Phial of floods   |       |       |       |     1 |       ||     1
  Use: Scroll            |     3 |       |    13 |     9 |    10 ||    35
 Stab: Sleeping          |       |       |     1 |       |       ||     1
       Paralysed         |       |       |       |     7 |       ||     7
       Distracted        |       |       |       |     1 |       ||     1
Armor: Robe              |     7 |    17 |    91 |     5 |       ||   120
       Ring mail         |       |       |       |   182 |   137 ||   319
Dodge: Dodged            |    22 |    59 |   130 |   254 |   399 ||   864
Block: Buckler           |       |       |       |       |    21 ||    21
       Rpst.: Scimitar   |       |       |       |    65 |   108 ||   173

Table legend:
 A = Non-vault XP
 B = Vault XP
 C = Vault XP percentage of total XP
 D = Non-vault monster count
 E = Vault monster count
 F = Vault count percentage of total count
                 A         B        C        D         E       F
            +---------+---------+-------+---------+---------+-------
      Total |   48049 |   36097 |  42.9 |     370 |     158 |  29.9
            +---------+---------+-------+---------+---------+-------
        D:1 |      40 |       0 |   0.0 |      23 |       0 |   0.0
        D:2 |      50 |       0 |   0.0 |      17 |       0 |   0.0
        D:3 |      28 |       0 |   0.0 |       8 |       0 |   0.0
        D:4 |     451 |     458 |  50.4 |      21 |      17 |  44.7
        D:5 |     189 |       0 |   0.0 |       6 |       0 |   0.0
        D:6 |     911 |       0 |   0.0 |      27 |       0 |   0.0
        D:7 |    1171 |    1746 |  59.9 |      22 |       3 |  12.0
        D:8 |    1784 |    1502 |  45.7 |      24 |      22 |  47.8
        D:9 |    2771 |    1092 |  28.3 |      26 |       3 |  10.3
       D:10 |    2736 |    2643 |  49.1 |      28 |      14 |  33.3
       D:11 |    3199 |    7604 |  70.4 |      30 |      34 |  53.1
       D:12 |    2411 |    2188 |  47.6 |      23 |       5 |  17.9
       D:13 |    6149 |     973 |  13.7 |      26 |       1 |   3.7
       D:14 |    8011 |    3370 |  29.6 |      22 |       3 |  12.0
       D:15 |    3670 |       0 |   0.0 |      11 |       0 |   0.0
     Lair:1 |    3935 |     847 |  17.7 |      17 |       1 |   5.6
     Lair:2 |    6469 |    2042 |  24.0 |      22 |      13 |  37.1
     Lair:3 |    4074 |    2240 |  35.5 |      17 |       6 |  26.1
      IceCv |       0 |    9392 | 100.0 |       0 |      36 | 100.0
            +---------+---------+-------+---------+---------+-------
